 Dungeon Crawl Stone Soup version 0.17.0-28-g6e173f8 (webtiles) character file.

7438 plasmid the Cleaver (level 10, -19/84 HPs)
             Began as a Black Draconian Berserker on Nov 30, 2015.
             Was a High Priest of Trog.
             Killed from afar by a giant frog (22 damage)
             ... with an exploding inner flame
             ... hexed by the player character
             ... on level 1 of the Lair of Beasts on Dec 1, 2015.
             The game lasted 01:33:14 (7894 turns).

plasmid the Cleaver (Black Draconian Berserker)     Turns: 7894, Time: 01:33:14

Health: -19/84     AC: 10    Str: 23      XL:     10   Next: 93%
Magic:  10/10      EV: 14    Int:  5      God:    Trog [*****.]
Gold:   551        SH:  6    Dex: 11 (13) Spells: 0 memorised, 9 levels left

rFire  . . .     SeeInvis .     B - +3 war axe (freeze)
rCold  + . .     Clarity  .     (armour unavailable)
rNeg   + . .     SustAt   .     u - +1 buckler
rPois  .         Gourm    .     (helmet restricted)
rElec  +         Spirit   .     q - +2 cloak
rCorr  .         Warding  .     (no gloves)
rMut   .         Rnd*Tele +     (no boots)
MR     ++...                    (no amulet)
Stlth  +.........               e - ring of teleportation (curse)
                                t - ring of positive energy

@: regenerating, very resistant to hostile enchantments, very unstealthy
A: breathe lightning, unfitting armour, hooves 1, agile 1, cold resistance 1,
dopey 1, frail 1, electricity resistance, cold-blooded, MP-powered wands, AC +7
a: Breathe Lightning, Berserk, Trog's Hand, Brothers in Arms, Burn Spellbooks,
Renounce Religion, Evoke Teleportation


You were on level 1 of the Lair of Beasts.
You worshipped Trog.
Trog was extremely pleased with you.
You were not hungry.

You visited 3 branches of the dungeon, and saw 11 of its levels.

You collected 551 gold pieces.

Inventory:

Hand Weapons
 k - a +2 flail of holy wrath
 B - a +3 war axe of freezing (weapon)
 D - a +0 shortbow
 H - a cursed -1 short sword
 O - a +1 dagger of draining
 V - a +4 dagger
 X - a +6 spear of venom
 Z - a +1 flail of protection
Missiles
 g - 29 bolts
 i - 12 poisoned needles
 j - 19 poisoned arrows
 o - 8 needles of sleeping
 r - 180 stones (quivered)
 x - a throwing net
 C - 2 tomahawks
 F - 70 sling bullets
 I - 4 poisoned tomahawks
 W - 2 curare-tipped needles
Armour
 q - a +2 cloak (worn)
 u - a +1 buckler (worn)
 U - a +0 pair of boots
 Y - a cursed -1 scale mail
Rods
 E - a +2 iron rod (13/13)
   (You found it on level 9 of the Dungeon)
Jewellery
 e - a cursed ring of teleportation (right hand)
 t - a ring of positive energy (left hand)
 R - an uncursed ring of magical power
Wands
 d - a wand of frost (3)
 z - a wand of magic darts (6)
 A - a wand of magic darts (30)
Scrolls
 f - 6 scrolls of teleportation
 n - 2 scrolls of enchant armour
 L - a scroll of noise
 N - a scroll of magic mapping
Potions
 a - 2 potions of heal wounds
 c - 3 potions of cancellation
 m - a potion of cure mutation {unknown}
 s - a potion of degeneration
 K - a potion of ambrosia {unknown}
Comestibles
 b - 5 bread rations
 v - 4 slices of pizza
 M - 12 chunks of flesh
 T - 4 beef jerkies


   Skills:
 * Level 10.5 Fighting
 * Level 11.7 Axes
 + Level 5.6 Dodging
 + Level 6.1 Shields


You had 9 spell levels left.
You didn't know any spells.

Dungeon Overview and Level Annotations

Branches:
Dungeon (9/15)             Temple (1/1) D:5            Lair (1/8) D:9
    Orc: D:9-12

Altars:
Ashenzari
Cheibriados
Dithmenos
Elyvilon
Fedhas
Gozag
Kikubaaqudgha
Makhleb
Nemelex Xobeh
Okawaru
Qazlal
Ru
Sif Muna
Trog
Vehumet
Xom
Yredelemnul
Zin
The Shining One

Annotations:
D:5 Uberwunderbarhen's ghost, novice OpFi


Innate Abilities, Weirdness & Mutations

You can breathe wild blasts of lightning.
Your glossy black scales are hard (AC +7).
Your body does not fit into most forms of armour.
You are resistant to electric shocks.
You are cold-blooded and may be slowed by cold attacks.
You have large cloven feet.
You are agile. (Dex +2)
Your flesh is cold resistant.
You are dopey. (Int -2)
You are frail (-10% HP).
You expend magic power (3 MP) to strengthen your wands.


Message History

The giant frog closely misses you. x2
The wolf bites you but does no damage.
The giant frog hits you but does no damage.
You block the wolf's attack.
You hit the wolf. You freeze the wolf.
The wolf explodes!
The fiery explosion engulfs the crocodile.
The crocodile is severely wounded.
The fiery explosion engulfs you!
* * * LOW HITPOINT WARNING * * *
The fiery explosion engulfs the giant frog.
The giant frog explodes!
The fiery explosion engulfs the river rat.
You kill the river rat!
Trog accepts your kill.
The fiery explosion engulfs the crocodile.
The crocodile explodes!
Trog accepts your kill. The fiery explosion engulfs you!
You die...

≈..!....†..####.../.###P#..).....
≈≈≈..................##.........#
≈≈≈≈≈.#........................##
≈≈≈≈≈.#....$.............#rht###
.(≈≈≈........†..............##
>≈≈≈≈≈.........§§§......>...#
≈≈≈...##/.....§§§........##
≈≈≈≈.# ##...##§§§..##.### ≈≈≈..
###(##@§§...## ####......#
##......# #.......# #...##..#
##..P##.## #....###.##
#.......#.# ###......#


There were no monsters in sight!

Vanquished Creatures
  3 komodo dragons
  A troll (D:9)
  Grinder (D:3)
  A spriggan (D:7)
  A wyvern (D:9)
  A hippogriff (Lair:1)
  A hungry ghost (D:8)
  An orc warrior (D:9)
  3 wolves
  2 water moccasins
  Duvessa (D:4)
  3 porcupines (Lair:1)
  2 sky beasts
  3 phantoms
  A necrophage (D:8)
  2 ice beasts
  7 ogres
  2 centaurs
  10 crocodiles
  10 giant frogs
  2 gnoll sergeants
  Dowan (D:4)
  A water moccasin zombie (D:4)
  A scorpion (D:9)
  11 killer bees
  4 hounds
  A crimson imp (D:9)
  A jelly (D:9)
  A quasit (D:9)
  An orc priest (D:9)
  3 giant frog zombies (D:7)
  2 gnoll shamans (D:9)
  2 giant frog skeletons
  5 worker ants
  4 iguanas
  4 orc wizards
  A hound zombie (D:5)
  A worker ant zombie (D:7)
  19 gnolls
  5 river rats (Lair:1)
  7 adders
  2 shadow imps
  2 oozes
  An adder skeleton (D:6)
  A worm (D:4)
  4 giant geckos
  26 orcs
  5 bats
  8 giant cockroaches
  6 goblins
  12 hobgoblins
  7 jackals
  11 kobolds
  2 quokkas
  4 giant newts
  4 rats
228 creatures vanquished.

Vanquished Creatures (others)
  A swamp drake (D:9)
1 creature vanquished.

Grand Total: 229 creatures vanquished

Notes
Turn   | Place    | Note
--------------------------------------------------------------
     0 | D:1      | plasmid the Draconian Berserker began the quest for the Orb.
     0 | D:1      | Reached XP level 1. HP: 19/19 MP: 1/1
   424 | D:1      | Reached XP level 2. HP: 18/27 MP: 2/2
   777 | D:2      | Reached skill level 4 in Fighting
   827 | D:2      | Gained mutation: You expend magic power (3 MP) to strengthen your wands. [potion of mutation]
   827 | D:2      | Gained mutation: You are dopey. (Int -2) [potion of mutation]
   827 | D:2      | Gained mutation: Your body sometimes deteriorates upon taking damage. [potion of mutation]
   865 | D:2      | Gained mutation: You are clumsy. (Dex -2) [potion of mutation]
   865 | D:2      | Gained mutation: Your muscles are strong. (Str +2) [potion of mutation]
   998 | D:2      | Reached ** piety under Trog
   998 | D:2      | Reached XP level 3. HP: 31/33 MP: 3/3
  1116 | D:2      | Found a white marble altar of Elyvilon.
  1717 | D:3      | Noticed Grinder
  1721 | D:3      | Paralysed by Grinder for 6 turns
  1737 | D:3      | Killed Grinder
  1737 | D:3      | Reached skill level 5 in Fighting
  1737 | D:3      | Reached skill level 5 in Axes
  1737 | D:3      | Reached XP level 4. HP: 33/44 MP: 4/4
  1737 | D:3      | Reached XP level 5. HP: 37/50 MP: 5/5
  1864 | D:3      | Reached XP level 6. HP: 53/57 MP: 6/6
  2272 | D:4      | Noticed Dowan
  2273 | D:4      | Noticed Duvessa
  2498 | D:4      | Reached skill level 6 in Fighting
  3037 | D:4      | Killed Duvessa
  3037 | D:4      | Your scales start taking on a glossy black colour.
  3037 | D:4      | Gained mutation: You are resistant to electric shocks. [Black Draconian growth]
  3037 | D:4      | Reached XP level 7. HP: 56/64 MP: 7/7
  3057 | D:4      | Killed Dowan
  3057 | D:4      | Reached *** piety under Trog
  3321 | D:5      | Entered Level 5 of the Dungeon
  3552 | D:5      | Found a staircase to the Ecumenical Temple.
  3593 | Temple   | Entered the Ecumenical Temple
  3707 | Temple   | Lost mutation: Your muscles are strong. (Str +2) [potion of mutation]
  3707 | Temple   | Lost mutation: Your body sometimes deteriorates upon taking damage. [potion of mutation]
  3924 | D:5      | Noticed Uberwunderbarhen's ghost (novice OpFi)
  4059 | D:5      | Reached skill level 7 in Axes
  4406 | D:6      | Reached XP level 8. HP: 71/71 MP: 8/8
  4516 | D:6      | Found a shadowy altar of Dithmenos.
  4575 | D:6      | Reached skill level 1 in Shields
  4644 | D:6      | Found a blossoming altar of Fedhas.
  4667 | D:6      | Reached skill level 8 in Axes
  5064 | D:6      | Found an iron altar of Okawaru.
  5125 | D:7      | Reached **** piety under Trog
  5127 | D:7      | Reached skill level 9 in Axes
  5248 | D:7      | Reached XP level 9. HP: 53/81 MP: 9/9
  5279 | D:7      | Gained mutation: Your flesh is cold resistant. [mutagenic meat]
  5280 | D:7      | Lost mutation: You are clumsy. (Dex -2) [mutagenic meat]
  5281 | D:7      | Gained mutation: You have large cloven feet. [mutagenic meat]
  5282 | D:7      | Gained mutation: You are frail (-10% HP). [mutagenic meat]
  5283 | D:7      | Gained mutation: You are agile. (Dex +2) [mutagenic meat]
  5316 | D:7      | Found a sacrificial altar of Ru.
  5360 | D:7      | Found a bloodstained altar of Trog.
  5360 | D:7      | Found a snail-covered altar of Cheibriados.
  5364 | D:7      | Found a shadowy altar of Dithmenos.
  5369 | D:7      | Found a shattered altar of Ashenzari.
  5380 | D:7      | Found a deep blue altar of Sif Muna.
  5380 | D:7      | Found a radiant altar of Vehumet.
  5475 | D:7      | Found a sparkling altar of Nemelex Xobeh.
  5475 | D:7      | Found an opulent altar of Gozag.
  6092 | D:8      | Reached skill level 10 in Axes
  6401 | D:9      | Found a staircase to the Lair.
  6402 | D:9      | Noticed a komodo dragon
  6418 | D:9      | Killed a komodo dragon
  6521 | D:9      | Reached skill level 5 in Shields
  6604 | D:9      | Reached XP level 10. HP: 45/81 MP: 10/10
  6694 | D:9      | Reached ***** piety under Trog
  6997 | D:9      | Found an ancient bone altar of Kikubaaqudgha.
  7001 | D:9      | Reached skill level 11 in Axes
  7021 | D:9      | Reached skill level 5 in Dodging
  7626 | Lair:1   | Entered Level 1 of the Lair of Beasts
  7662 | Lair:1   | Noticed a six-headed hydra
  7689 | D:9      | Reached skill level 10 in Fighting
  7705 | Lair:1   | HP: 2/83 [crocodile (8)]
  7894 | Lair:1   | HP: 3/84 [wolf/exploding inner flame[the player character] (25)]
  7894 | Lair:1   | Killed from afar by a giant frog

Action                   |  1- 3 |  4- 6 |  7- 9 | 10-12 || total
-------------------------+-------+-------+-------+-------++-------
Melee: Hand axe          |   104 |    18 |       |       ||   122
       Short sword       |    15 |       |       |       ||    15
       War axe           |       |    50 |   258 |   155 ||   463
       Flail             |       |       |       |     6 ||     6
Throw: Stone             |       |       |       |    27 ||    27
Invok: Berserk           |     5 |     2 |     6 |     2 ||    15
       Trog's Hand       |       |       |     1 |     6 ||     7
       Burn Spellbooks   |       |       |       |     1 ||     1
 Abil: Breathe Lightning |       |       |     4 |     8 ||    12
       Evoke Teleportati |       |       |     1 |       ||     1
Evoke: Wand              |       |       |       |     3 ||     3
  Use: Potion            |     3 |     1 |     7 |     6 ||    17
       Scroll            |     8 |     3 |     9 |     3 ||    23
  Eat: Chunk             |     4 |     5 |    18 |     6 ||    33
       Bread ration      |     1 |       |     2 |     1 ||     4
